 Dungeon Crawl Stone Soup version 0.19-a0-1886-gd64a0f0 (webtiles) character file.

143 Promi the Magician (level 4, 0/38 HPs)
             Began as a Demigod Wizard on Oct 15, 2016.
             Slain by an orc wizard
             ... wielding a +0 dagger
              (3 damage)
             ... on level 3 of the Dungeon.
             The game lasted 00:16:50 (4704 turns).

Promi the Magician (Demigod Wizard)                 Turns: 4704, Time: 00:16:50

Health: 0/38       AC:  3    Str:  8    XL:     4   Next: 76%
Magic:  9/11       EV: 12    Int: 24    God:
Gold:   85         SH:  0    Dex: 18    Spells: 4 memorised, 2 levels left

rFire  . . .     SeeInvis .     h - +0 short sword
rCold  + . .     Gourm    .     f - +1 leather armour {rC+}
rNeg   . . .     Faith    .     (no shield)
rPois  .         Spirit   .     b - +0 hat
rElec  .         Dismiss  .     (no cloak)
rCorr  .         Reflect  .     (no gloves)
MR     .....     Harm     .     (no boots)
Stlth  +......... Rnd*Rage +    (no amulet)
                                (no ring)
                                (no ring)

@: confused, very slightly contaminated, hasted, very quick
A: beak, rugged brown scales 1, agile 2, berserk 1, deformed body, high mp 1,
screaming 1, weak 1, MP-powered wands
a: no special abilities


You were on level 3 of the Dungeon.
You were hungry.

You visited 1 branch of the dungeon, and saw 3 of its levels.

You collected 85 gold pieces.

Inventory:

Hand Weapons
 h - a +0 short sword (weapon)
Armour
 a - a +0 robe
 b - a +0 hat (worn)
 f - a +1 leather armour of cold resistance (worn)
Scrolls
 i - 2 scrolls of identify
Potions
 o - a potion of resistance
Books
 c - a book of Minor Magic

   Spells                             Type                      Level
   a - Magic Dart                     Conjuration                  1
   b - Blink                          Translocation                2
   c - Call Imp                       Summoning                    2
   d - Repel Missiles                 Charms/Air                   2
   e - Slow                           Hexes                        2
   f - Conjure Flame                  Conjuration/Fire             3
   g - Mephitic Cloud                 Conjuration/Poison/Air       3
Comestibles
 d - 3 bread rations
 g - 12 chunks of flesh
 p - a meat ration


   Skills:
 + Level 2.8 Fighting
 + Level 1.1 Armour
 - Level 2.1 Dodging
 - Level 2.0 Stealth
 - Level 3.0 Spellcasting
 - Level 1.0 Conjurations
 + Level 1.8 Summonings
 - Level 1.0 Translocations


You had 2 spell levels left.
You knew the following spells:

 Your Spells              Type           Power        Failure   Level  Hunger
a - Magic Dart            Conj           #...         12%         1    None
b - Blink                 Tloc           N/A          17%         2    ##.....
c - Call Imp              Summ           ##......     12%         2    ##.....
d - Repel Missiles        Chrm/Air       #.....       24%         2    ##.....


Dungeon Overview and Level Annotations

Branches:
Dungeon (3/15)


Innate Abilities, Weirdness & Mutations

You have an increased reservoir of magic. (+10% MP)
You have a beak for a mouth.
You are partially covered in rugged brown scales. (AC +1, +3% HP)
You are very agile. (Dex +4)
You tend to lose your temper in combat.
Armour fits poorly on your strangely shaped body.
You occasionally shout uncontrollably at your foes.
You are weak. (Str -2)
You expend magic power (3 MP) to strengthen your wands.


Message History

You are confused.
Are you sure you want to stumble around while confused and next to your white imp?
Okay, then.
Your white imp disappears in a puff of smoke!
You feel yourself speed up.
An orc wizard appears from thin air!
Reactivating autopickup.
You are very lightly contaminated with residual magic.
You hit the orc wizard but do no damage.
The orc wizard is heavily wounded.
The orc wizard hits you with a dagger.
* * * LOW HITPOINT WARNING * * *
The orc wizard hits you with a dagger.
* * * LOW HITPOINT WARNING * * *
You barely miss the orc wizard.
The orc wizard is heavily wounded.
The orc wizard barely misses you.
You closely miss the orc wizard.
The orc wizard is heavily wounded.
The orc wizard hits you with a dagger.
You die...

........# ##.######
##...#### ####....#
....###.##############
....# #.[.)#.........#
....# ####.))........#
....# ###.))......#
....# #...o@....#
....# #.........#
##### #.........#
#.........#
###########


You could see an orc wizard.

Vanquished Creatures
  3 gnolls (D:2)
  3 adders (D:2)
  3 worms
  3 dart slugs
  2 leopard geckos (D:2)
  2 orcs (D:3)
  3 giant cockroaches
  8 goblins
  10 hobgoblins
  3 jackals (D:2)
  A quokka (D:2)
  6 bats
  2 frilled lizards (D:1)
  5 kobolds
  4 rats
58 creatures vanquished.

Vanquished Creatures (collateral kills)
  A worm (D:2)
  4 orcs (D:3)
  A goblin (D:2)
6 creatures vanquished.

Grand Total: 64 creatures vanquished

Notes
Turn   | Place    | Note
-------+----------+-------------------------------------------
     0 | D:1      | Promi the Demigod Wizard began the quest for the Orb.
     0 | D:1      | Reached XP level 1. HP: 14/14 MP: 6/6
   237 | D:1      | Reached skill level 1 in Fighting
   832 | D:1      | Reached XP level 2. HP: 23/23 MP: 6/8
   844 | D:1      | Learned a level 2 spell: Blink
   847 | D:1      | Learned a level 2 spell: Call Imp
  1044 | D:1      | Reached skill level 1 in Summonings
  1802 | D:2      | Reached XP level 3. HP: 19/29 MP: 1/10
  1959 | D:2      | Reached skill level 1 in Conjurations
  2261 | D:2      | Reached skill level 3 in Spellcasting
  2344 | D:2      | Found a glowing golden altar of the Shining One.
  2372 | D:2      | Reached skill level 1 in Translocations
  2465 | D:2      | Found a bloodstained altar of Trog.
  2465 | D:2      | Found a stormy altar of Qazlal.
  2787 | D:2      | Found a hazy altar of Hepliaklqana.
  2791 | D:2      | Gained mutation: You are clumsy. (Dex -2) [potion of mutation]
  2791 | D:2      | Gained mutation: Armour fits poorly on your strangely shaped body. [potion of mutation]
  2791 | D:2      | Gained mutation: You are weak. (Str -2) [potion of mutation]
  2836 | D:2      | Learned a level 2 spell: Repel Missiles
  2935 | D:2      | Reached XP level 4. HP: 11/36 MP: 0/11
  3582 | D:2      | Reached skill level 1 in Armour
  4133 | D:3      | Found an iron altar of Okawaru.
  4693 | D:3      | Gained mutation: You occasionally shout uncontrollably at your foes. [potion of mutation]
  4693 | D:3      | Lost mutation: You are clumsy. (Dex -2) [potion of mutation]
  4693 | D:3      | Gained mutation: You are agile. (Dex +2) [potion of mutation]
  4695 | D:3      | Gained mutation: You are partially covered in rugged brown scales. (AC +1, +3% HP) [potion of mutation]
  4695 | D:3      | Gained mutation: You are very agile. (Dex +4) [potion of mutation]
  4695 | D:3      | Gained mutation: You expend magic power (3 MP) to strengthen your wands. [potion of mutation]
  4696 | D:3      | Gained mutation: You tend to lose your temper in combat. [potion of mutation]
  4696 | D:3      | Gained mutation: You have a beak for a mouth. [potion of mutation]
  4704 | D:3      | Slain by an orc wizard

Vault maps used:
D:1:      arrival_zaba_pyramid, minmay_tromino_i2
D:2:      grunt_temple_overflow_open, marbit_many_paths
D:3:      old_standard_altar, first_bread

Skill      XL: |  1  2  3  4 |
---------------+-------------+-----
Fighting       | 1 2 |  2.8
Summonings     | 1 |  1.8
Conjurations   | 1 |  1.0
Spellcasting   | 3 |  3.0
Dodging        | 2 |  2.1
Stealth        | 2 |  2.0
Translocations | 1 |  1.0
Armour         | 1 |  1.1

Action                   |  1- 3 |  4- 6 || total
-------------------------+-------+-------++-------
Melee: Unarmed           |     4 |       ||     4
       Whip              |    40 |    36 ||    76
       Short sword       |       |     6 ||     6
 Cast: Magic Dart        |   118 |    64 ||   182
       Call Imp          |     1 |     7 ||     8
       Blink             |       |     1 ||     1
  Use: Scroll            |     7 |     2 ||     9
       Potion            |     5 |     5 ||    10
 Stab: Sleeping          |     1 |       ||     1
  Eat: Chunk             |     6 |     1 ||     7
       Bread ration      |       |     1 ||     1
Armor: Robe              |     5 |       ||     5
       Leather armour    |     9 |    17 ||    26
Dodge: Dodged            |    52 |    50 ||   102
